AoeStats
← Efthiron

Arabia

505016336Analyzed
1v1 RM · 26d ago on Sep 7, 2026· 27m 44s· 2 players
Game mode
Random Map
Map size
Tiny (2 player)
Population
200
Speed
Normal
Resources
Standard
Victory
Conquest
Starting age
Dark Age
Ending age
Imperial Age
RankedLock teamsTeams togetherTeam positionsShared explorationLock speedFull tech treeHidden civsTurbo modeCheats
Victory
Defeat
🇲🇽 Mongols · Mexico
1251
+15
🇧🇬 Dravidians · Bulgaria
1230
-15
Cicotron
6:53 Loom
7:24 Loom
9:36 Feudal Age
10:14 Double-Bit Axe
12:19 Horse Collar
21:21 Castle Age
22:48 Pikeman
23:42 Fletching
Efthiron
6:43 Loom
8:45 Feudal Age
10:18 Double-Bit Axe
18:34 Wheelbarrow
22:18 Castle Age
22:13 Forging
22:08 Scale Barding Armor
22:52 Bloodlines
26:24 Chain Barding Armor
26:04 Town Watch
Connection lost

Rejoining the realm…

Still unreachable

The connection could not be restored.

Session expired

The server has moved on; the page needs a fresh start.